 Dungeon Crawl Stone Soup version 0.22.1-1-ga44c0e5 (webtiles) character file.

338 Monsterracer the Chiller (level 6, -1/45 HPs)
             Began as a Demigod Ice Elementalist on Sept 30, 2018.
             Slain by an ogre
             ... wielding a +0 giant club
              (24 damage)
             ... on level 4 of the Dungeon.
             The game lasted 00:05:41 (3995 turns).

Monsterracer the Chiller (Demigod Ice Elementalist) Turns: 3995, Time: 00:05:41

Health: -1/45      AC: 10    Str: 11    XL:     6   Next: 7%
Magic:  9/14       EV: 12    Int: 23    God:
Gold:   194        SH:  0    Dex: 20    Spells: 3/11 levels left

rFire    . . .     SeeInvis .   a - +4 long sword (holy)
rCold    . . .     Gourm    .   (no shield)
rNeg     . . .     Faith    .   j - +0 robe
rPois    .         Spirit   .   h - +2 helmet
rElec    .         Reflect  .   l - +0 cloak
rCorr    .         Harm     .   n - +0 pair of gloves
MR       .....                  (no boots)
Stlth    ++........             o - amulet of rage
HPRegen  0.15/turn              f - +3 ring of protection
MPRegen  0.14/turn              s - +4 ring of dexterity

@: no status effects
A: high mp 1
a: Evoke Berserk Rage


You were on level 4 of the Dungeon.
You were near starving.

You visited 1 branch of the dungeon, and saw 5 of its levels.

You collected 194 gold pieces.

Inventory:

Hand Weapons
 a - a +4 long sword of holy wrath (weapon)
Missiles
 v - a throwing net (quivered)
Armour
 h - a +2 helmet (worn)
 j - a +0 robe (worn)
 l - a +0 cloak (worn)
 n - a +0 pair of gloves (worn)
 q - a +2 buckler
Jewellery
 f - a +3 ring of protection (left hand)
 o - an amulet of rage (around neck)
 s - a +4 ring of dexterity (right hand)
 u - an uncursed ring of fire
Wands
 g - a wand of disintegration (13)
Scrolls
 b - a scroll of amnesia
 d - 2 scrolls of teleportation {!r}
 e - 2 scrolls of remove curse
Potions
 i - a potion of resistance
 k - 3 potions of heal wounds
 m - a potion of might
 p - a potion of agility {unknown}
 r - a potion of berserk rage {unknown}
 t - a potion of curing {unknown}
 w - a potion of haste {unknown}
Comestibles
 c - 8 rations


   Skills:
 + Level 1.5 Long Blades
 - Level 1.7 Dodging
 - Level 1.7 Stealth
 + Level 3.3 Spellcasting
 - Level 0.8 Conjurations
 * Level 5.3 Ice Magic


You had 3 spell levels left.
You knew the following spells:

 Your Spells              Type           Power        Failure   Level  Hunger
a - Freeze                Ice            ####         1%          1    None
c - Ozocubu's Armour      Chrm/Ice       ###.....     12%         3    ###....
d - Throw Icicle          Conj/Ice       ###.....     30%         4    ####...

Your spell library contained the following spells:

 Spells                   Type           Power        Failure   Level  Hunger
 Throw Frost              Conj/Ice       ###...       4%          2    ##.....
 Beastly Appendage        Tmut           #.....       11%         1    None
 Sticks to Snakes         Tmut           #.......     17%         2    ##.....
 Spider Form              Tmut/Pois      #.........   32%         3    ###....
 Ice Form                 Ice/Tmut       ###.....     36%         4    ####...
 Summon Ice Beast         Ice/Summ       ###.....     36%         4    ####...
 Blade Hands              Tmut           #.........   97%         5    ######.


Dungeon Overview and Level Annotations

Branches:
Dungeon (5/15)             Temple (0/1) D:4

Annotations:
D:4 Blork the orc


Innate Abilities, Weirdness & Mutations

You have an increased reservoir of magic. (+10% MP)


Message History

Level annotation: Blork the orc A ball python comes into view.
The ball python moves out of view.
There is a stone staircase leading up here.
The ball python is too close now for your liking.
A ball python is nearby!
What are your orders? t - Shout!
Orders for allies: a - Attack new target. r - Retreat! s - Stop attacking. g - Guard the area. f - Follow me.
Anything else - Cancel.
You shout for attention!
The ball python hisses angrily.
Casting: Freeze (safe; 1% risk of failure)
Confirm with . or Enter, or press ? or * to list all spells.
Aiming: Freeze (safe; 1% risk of failure)
Press: ? - help, Shift-Dir - straight line, f - ball python
Aim: a ball python You freeze the ball python.
You kill the ball python!
You now have 13/14 mp.
Casting: Freeze (safe; 1% risk of failure)
Confirm with . or Enter, or press ? or * to list all spells.
You can't see any susceptible monsters within range! (Use Z to cast anyway.) Unknown command.
Magic restored.
Found a hand axe.
MP restored: 14 You pick up a book of Changes and begin reading...
You add the spells Beastly Appendage, Sticks to Snakes, Spider Form, Ice Form You are feeling very hungry.
p - a green potion;
w - a dark potion
Okay, then.
There is a stone staircase leading up here.
You now have 183 gold pieces (gained 16).
You now have 190 gold pieces (gained 7).
There is a stone staircase leading down here.
You now have 194 gold pieces (gained 4).
Key pressed, stopping explore.
e - 2 scrolls of remove curse (gained 1)
Found a staircase to the Ecumenical Temple.
You are near starving!
d - 2 scrolls of teleportation {!r} (gained 1)
The ogre is too close now for your liking.
An ogre is nearby!
What are your orders? t - Shout!
Orders for allies: a - Attack new target. r - Retreat! s - Stop attacking. g - Guard the area. f - Follow me.
Anything else - Cancel.
You shout for attention!
The ogre shouts!
Casting: Freeze (safe; 1% risk of failure)
Confirm with . or Enter, or press ? or * to list all spells.
Okay, then.
Casting: Freeze (safe; 1% risk of failure)
Confirm with . or Enter, or press ? or * to list all spells.
Aiming: Freeze (safe; 1% risk of failure)
Press: ? - help, Shift-Dir - straight line, f - ogre
Aim: an ogre, wielding a giant club You freeze the ogre.
The ogre is lightly wounded.
The ogre hits you with a giant club!!
You take 21 damage, and have 24/45 hp.
MASSIVE DAMAGE!!
You now have 13/14 mp.
Casting: Freeze (safe; 1% risk of failure)
Confirm with . or Enter, or press ? or * to list all spells.
Aiming: Freeze (safe; 1% risk of failure)
Press: ? - help, Shift-Dir - straight line, f/p - ogre
Aim: an ogre, wielding a giant club (lightly wounded)
You freeze the ogre.
The ogre is lightly wounded.
The ogre closely misses you.
You now have 12/14 mp.
Casting: Freeze (safe; 1% risk of failure)
Confirm with . or Enter, or press ? or * to list all spells.
Aiming: Freeze (safe; 1% risk of failure)
Press: ? - help, Shift-Dir - straight line, f/p - ogre
Aim: an ogre, wielding a giant club (lightly wounded)
You freeze the ogre.
The ogre is heavily wounded.
You now have 11/14 mp.
Casting: Freeze (safe; 1% risk of failure)
Confirm with . or Enter, or press ? or * to list all spells.
Aiming: Freeze (safe; 1% risk of failure)
Press: ? - help, Shift-Dir - straight line, f/p - ogre
Aim: an ogre, wielding a giant club (heavily wounded)
You freeze the ogre.
The ogre is severely wounded.
The ogre hits you with a giant club.
You take 2 damage, and have 23/45 hp.
You now have 10/14 mp.
Casting: Freeze (safe; 1% risk of failure)
Confirm with . or Enter, or press ? or * to list all spells.
Aiming: Freeze (safe; 1% risk of failure)
Press: ? - help, Shift-Dir - straight line, f/p - ogre
Aim: an ogre, wielding a giant club (severely wounded)
You freeze the ogre.
The ogre is almost dead.
The ogre hits you with a giant club!!
Ouch! That really hurt!
You die...

..#.......#####.......[...#
.%#.......<.).#...........#
...........##.#...........#
...........# #...........#
...........# #..########.#
##............#..########.#
......#'##.####...........#
...##.#.##..###...###############
..<...#.......#(@................
..###+#.......#O..#.#########.###
..................#......# #.#
...#..............######.# #.##
...#.......#......######.# #..##
...#......##..........#######8.8#
#'##......##..#..######..........
#.....#.#.............#..........
#######.######.#..##..#..........


You could see an ogre.

Vanquished Creatures
  2 howler monkeys (D:4)
  An orc priest (D:3)
  2 orc wizards (D:3)
  A worker ant (D:4)
  6 adders
  An ooze (D:3)
  2 worms
  A dart slug (D:4)
  4 leopard geckos
  5 orcs
  6 bats
  5 giant cockroaches
  8 goblins
  8 hobgoblins
  3 jackals (D:2)
  2 quokkas
  4 ball pythons
  7 frilled lizards
  9 kobolds
  A quokka skeleton (D:4)
  6 rats
84 creatures vanquished.

Vanquished Creatures (others)
  An adder skeleton (D:4)
1 creature vanquished.

Grand Total: 85 creatures vanquished

Notes
Turn   | Place    | Note
-------+----------+-------------------------------------------
     0 | D:1      | Monsterracer the Demigod Ice Elementalist began the quest
                  | for the Orb.
     0 | D:1      | Reached XP level 1. HP: 14/14 MP: 5/5
   144 | D:1      | Reached skill level 3 in Ice Magic
   233 | D:1      | Reached XP level 2. HP: 14/20 MP: 0/7
  1094 | D:2      | You fall through a shaft for 2 floors!
  1134 | D:4      | Noticed Blork the orc
  1163 | D:4      | Reached XP level 3. HP: 25/26 MP: 5/9
  1168 | D:4      | Learned a level 3 spell: Ozocubu's Armour
  1250 | D:4      | HP: 13/26 [poisoned by a worker ant]
  1251 | D:4      | Reached skill level 4 in Ice Magic
  1251 | D:4      | Reached XP level 4. HP: 16/33 MP: 0/10
  1255 | D:4      | HP: 15/33 [poisoned by a worker ant]
  1263 | D:4      | HP: 14/33 [poisoned by a worker ant]
  1284 | D:5      | Entered Level 5 of the Dungeon
  1561 | D:3      | You fall through a shaft!
  1602 | D:4      | Noticed an ogre
  1868 | D:3      | Reached XP level 5. HP: 30/38 MP: 7/12
  1879 | D:3      | HP: 19/38 [orc (3)]
  2292 | D:2      | Learned a level 4 spell: Throw Icicle
  2327 | D:2      | Reached skill level 1 in Long Blades
  2327 | D:2      | Reached skill level 5 in Ice Magic
  3419 | D:3      | Reached XP level 6. HP: 42/45 MP: 8/14
  3925 | D:4      | Found a staircase to the Ecumenical Temple.
  3995 | D:4      | Slain by an ogre

Skill      XL: |  1  2  3  4  5 |
---------------+----------------+-----
Ice Magic      | 3 4 5 |  5.3
Spellcasting   | 2 3 |  3.3
Long Blades    | 1 |  1.5
Dodging        | |  1.7
Stealth        | |  1.7
Conjurations   | |  0.8

Action                   |  1- 3 |  4- 6 || total
-------------------------+-------+-------++-------
Melee: Unarmed           |    10 |     2 ||    12
       Long sword        |       |    29 ||    29
 Cast: Freeze            |    47 |    73 ||   120
  Use: Scroll            |       |    15 ||    15
 Stab: Sleeping          |       |     4 ||     4
  Eat: Chunk             |     1 |     7 ||     8
Armor: Robe              |    10 |    32 ||    42
Dodge: Dodged            |    28 |    60 ||    88
       Rpst.: Long sword |       |    20 ||    20

Vault maps used:
D:1:      dpeg_arrival_erosion
D:2:      minmay_tree_intersection, kennysheep_generic_room_13
D:3:      small_statue_intersection
D:4:      lemuel_temple_firewalk_b, uniq_blork_the_orc
D:5:      first_ration, uniq_eustachio, uniq_grinder
